 Dungeon Crawl Stone Soup version 0.31-a0-799-g6bc09d010c (webtiles) character file.

Game seed: 17479621106174575994

3217 rddays123 the Fighter (level 9, 0/86 HPs)
             Began as a Minotaur Fighter on Sept 19, 2023.
             Was a Believer of Okawaru.
             Killed from afar by an electric eel (12 damage)
             ... with a bolt of electricity
             ... in a bailey.
             The game lasted 00:12:24 (6621 turns).

rddays123 the Fighter (Minotaur Fighter)            Turns: 6621, Time: 00:12:25

Health: 0/86       AC:  7    Str: 24    XL:     9   Next: 65%
Magic:  9/9        EV: 10    Int:  5    God:    Okawaru [**....]
Gold:   339        SH:  4    Dex:  9    Spells: 8/8 levels left

rFire   . . .        w - +0 broad axe
rCold   . . .        c - +0 buckler
rNeg    + . .        b - +0 scale mail
rPois   .            (helmet restricted)
rElec   .            (no cloak)
rCorr   .            (no gloves)
SInv    .            (no boots)
Will    .....        (no amulet) Stlth
                     d - ring of positive energy
HPRegen 0.34/turn    (no ring)
MPRegen 0.11/turn

%: no passive effects
@: no status effects
A: horns 2, retaliatory headbutt, clumsy 1, low MP 1
a: Renounce Religion, Heroism


You were in a bailey.
You worshipped Okawaru.
Okawaru was pleased with you.
You visited 2 branches of the dungeon, and saw 8 of its levels.
You also visited: Sewer and Bailey.

You collected 339 gold pieces.

Inventory:

Hand Weapons
 a - a +0 war axe
 w - a +0 broad axe (weapon)
Armour
 b - a +0 scale mail (worn)
 c - a +0 buckler (worn)
Jewellery
 d - a ring of positive energy (left hand)
 k - a ring of wizardry
 y - a ring of wizardry
Wands
 p - a wand of iceblast (5)
 t - a wand of charming (7)
 C - a wand of polymorph (8)
Scrolls
 g - a scroll of immolation
 h - a scroll of noise {unknown}
 i - a scroll of teleportation {unknown}
 j - 2 scrolls of blinking
 l - 2 scrolls of torment {unknown}
 m - a scroll of revelation {unknown}
 r - 2 scrolls of vulnerability
 s - 2 scrolls of identify
 v - a scroll of enchant weapon {unknown}
 B - a scroll of poison {unknown}
Potions
 f - 2 potions of mutation
 n - 4 potions of lignification
 o - a potion of resistance {unknown}
 q - 2 potions of attraction
 u - a potion of invisibility {unknown}
 x - a potion of magic {unknown}
 z - 2 potions of enlightenment
 A - a potion of curing
 D - a potion of degeneration {unknown}


   Skills:
 - Level 10.5 Fighting
 - Level 10.2 Axes
 + Level 5.8 Armour
 + Level 3.6 Dodging
 - Level 3.9 Shields
 + Level 4.2 Invocations


You had 8 spell levels left.
You didn't know any spells.
Your spell library contained the following spells:

 Spells                   Type           Power      Damage    Failure   Level
 Necrotise                Necr           0%         1d4       83%         1
 Wereblood                Tmut           0%         N/A       92%         2
 Vampiric Draining        Necr           0%         2d6       99%         3
 Agony                    Necr           0%         N/A       100%        5
 Irradiate                Conj/Tmut      0%         3d11      100%        5
 Summon Small Mammal      Summ           Unusable   N/A       N/A         1
 Call Canine Familiar     Summ           Unusable   N/A       N/A         3
 Summon Guardian Golem    Hex/Summ       Unusable   N/A       N/A         3

Dungeon Overview and Level Annotations

Branches:
Dungeon (7/15)             Temple (1/1) D:4           Sewer (visited)
 Bailey (1/1)

Altars:
Ashenzari
Cheibriados
Dithmenos
Elyvilon
Fedhas
Gozag
Hepliaklqana
Kikubaaqudgha
Makhleb
Okawaru
Qazlal
Ru
Sif Muna
Trog
Uskayaw
Vehumet
Wu Jian
Xom
Yredelemnul
Zin
The Shining One

Shops:
D:1 =

Annotations:
D:5 1 runed translucent door, ryw's ghost, novice HuFi
Temple 2 transporters


Innate Abilities, Weirdness & Mutations

You have a pair of horns on your head.
You reflexively headbutt those who attack you in melee.
You are clumsy. (Dex -2)
Your magical capacity is low. (-10% MP)


Message History

You barely miss the orc warrior. Your headbutt misses the orc warrior.
The orc warrior is moderately wounded.
The orc warrior hits you with a +0 war axe!
You closely miss the orc warrior.
The orc warrior is moderately wounded.
The orc warrior splashes around in the water.
You closely miss the orc warrior. Your headbutt misses the orc warrior.
The orc warrior is moderately wounded.
The orc warrior hits you but does no damage.
The orc warrior splashes around in the water.
You closely miss the orc warrior. Your headbutt misses the orc warrior.
The orc warrior is moderately wounded.
The orc warrior hits you with a +0 war axe!
You slice the orc warrior!! You headbutt the orc warrior.
You kill the orc warrior!
Okawaru accepts your kill.
You hear a splash. x2
You enter the shallow water.
Moving in this stuff is going to be slow.
An electric eel comes into view.
Things that are here:
a +0 war axe; a +0 scale mail Why would you want to do that?
Things that are here:
a +0 war axe; a +0 leather armour The electric eel shoots out a bolt of lightning at you!
The bolt of electricity hits you!
The electric eel shoots out a bolt of lightning at you!
The bolt of electricity hits you!
The electric eel shoots out a bolt of lightning at you!
The bolt of electricity hits you! x2
* * * LOW HITPOINT WARNING * * *
You open the door.
The electric eel shoots out a bolt of lightning at you!
The bolt of electricity hits you.
* * * LOW HITPOINT WARNING * * *
The bolt of electricity misses you.
The electric eel shoots out a bolt of lightning at you!
The bolt of electricity hits you!
You die...

≈S≈S≈≈≈≈≈≈≈≈≈≈≈≈≈≈≈≈
≈≈≈≈≈≈≈≈≈≈≈≈≈≈≈≈≈≈≈≈
≈≈≈≈≈≈≈≈≈≈≈≈≈≈≈≈≈≈≈≈
≈≈≈≈≈≈≈≈≈≈≈≈≈≈≈≈≈≈≈≈
####S~~~~~~~~~~##
+...)....∩.......
###..######.######.
#....#...#...#.!?#.
#.@..#...#...#.!!#.
#'#'##+###8.8###+##
≈~.#..# #...# #.
≈≈≈~.#..# #8.8# #.
≈≈≈≈≈~.#..# #...# #.
≈≈≈≈≈~.#..# #...# #.
≈≈≈≈≈~.#..# ##+## #)
≈≈≈≈≈~.##'# #' #..#
#)


You could see an electric eel.

Vanquished Creatures
  An orc knight (Bailey)
  A kobold demonologist (Bailey)
  Prince Ribbit (D:6)
  Grinder (D:4)
  Eustachio (D:4)
  2 wyverns (D:5)
  A water moccasin (D:5)
  4 orc warriors (Bailey)
  2 black bears
  An ogre (D:6)
  A centaur (D:5)
  2 kobold brigands (Sewer)
  Blork the orc (D:6)
  4 hounds
  A jelly (D:2)
  3 orc priests
  3 iguanas
  An orc wizard (D:4)
  2 sleepcaps
  2 gnolls (Bailey)
  9 adders
  A river rat (D:6)
  3 worms (D:6)
  2 dart slugs (D:2)
  19 orcs
  7 ball pythons
  3 bats (D:3)
  16 endoplasms
  6 giant cockroaches
  13 goblins
  13 hobgoblins
  A jackal (Sewer)
  19 kobolds
  3 quokkas
  3 frilled lizards (D:1)
  10 rats
163 creatures vanquished.

Notes
Turn   | Place    | Note
-------+----------+-------------------------------------------
     0 | D:1      | rddays123 the Minotaur Fighter began the quest for the Orb.
     0 | D:1      | Reached XP level 1. HP: 19/19 MP: 0/0
   114 | D:1      | Reached XP level 2. HP: 23/27 MP: 1/1
   557 | D:1      | Found Wigadev's Jewellery Boutique.
   958 | D:2      | Reached XP level 3. HP: 33/33 MP: 2/2
  1182 | D:2      | Found a faded altar of an unknown god.
  1289 | D:2      | Reached XP level 4. HP: 35/41 MP: 3/3
  1722 | D:3      | Reached skill level 5 in Fighting
  1733 | D:3      | Reached XP level 5. HP: 4/48 MP: 4/4
  2095 | D:3      | Found an ancient bone altar of Kikubaaqudgha.
  2492 | D:4      | Noticed Eustachio
  2519 | D:4      | Killed Eustachio
  2520 | D:4      | Reached skill level 5 in Axes
  2520 | D:4      | Reached XP level 6. HP: 22/57 MP: 5/5
  2702 | D:4      | Noticed Grinder
  2709 | D:4      | Paralysed by Grinder for 2 turns
  2719 | D:4      | Killed Grinder
  2720 | D:4      | Reached XP level 7. HP: 43/66 MP: 6/6
  3242 | D:4      | Found a staircase to the Ecumenical Temple.
  3248 | Temple   | Found a transporter.
  3248 | Temple   | Found a transporter.
  3248 | Temple   | Found a transporter.
  3248 | Temple   | Found a transporter.
  3248 | Temple   | Entered the Ecumenical Temple
  3262 | Temple   | Became a worshipper of Warmaster Okawaru
  3604 | D:5      | Entered Level 5 of the Dungeon
  3738 | D:5      | Found a shadowy altar of Dithmenos.
  3738 | D:5      | Noticed a wyvern
  3750 | D:5      | Killed a wyvern
  3751 | D:5      | Reached XP level 8. HP: 45/75 MP: 7/7
  3930 | D:5      | Found a runed translucent door.
  3931 | D:5      | Noticed ryw's ghost (novice HuFi)
  4232 | D:5      | Reached * piety under Okawaru
  4805 | D:6      | Found a glowing drain.
  4814 | Sewer    | Entered a sewer
  5022 | Sewer    | Found a white marble altar of Elyvilon.
  5172 | D:6      | Reached skill level 10 in Fighting
  5331 | D:6      | Reached ** piety under Okawaru
  5500 | D:6      | Reached skill level 1 in Invocations
  5533 | D:6      | Noticed Prince Ribbit
  5533 | D:6      | Noticed Blork the orc
  5561 | D:6      | Killed Prince Ribbit
  5562 | D:6      | Reached skill level 10 in Axes
  5562 | D:6      | Reached XP level 9. HP: 44/86 MP: 7/9
  5569 | D:6      | Killed Blork the orc
  5883 | D:7      | Found a flagged portal.
  5898 | Bailey   | Entered a bailey
  6067 | Bailey   | Noticed an orc knight
  6093 | Bailey   | Killed an orc knight
  6245 | Bailey   | Reached skill level 5 in Armour
  6393 | Bailey   | Noticed a kobold demonologist
  6398 | Bailey   | Gained mutation: Your magical capacity is low. (-10% MP) [a
                  | neqoxec]
  6401 | Bailey   | Noticed an orange demon
  6401 | Bailey   | Gained mutation: You are clumsy. (Dex -2) [a neqoxec]
  6414 | Bailey   | Killed a kobold demonologist
  6621 | Bailey   | Killed from afar by an electric eel

Illustrated notes

Levels and vault maps discovered:
D:1:      dpeg_arrival_arbitrary_b, layout_basic, serial_shops,
          nicolae_shop_statue_plus
D:2:      cheibrodos_fertilizer, layout_loops_ring, basic_ecumenical_altar,
          chequers_garden
D:3:      layout_loops_ring, overflow_temple_1_default, dk_noncrumbling_2
D:4:      layout_gridville, minmay_temple_entry_fiery, uniq_eustachio,
          uniq_grinder
D:5:      layout_basic, mainiacjoe_overflow_small_starburst,
          gammafunk_ghost_grave
D:6:      layout_cave_pools, lightli_sewer_entry_pipes, uniq_prince_ribbit1,
          uniq_blork_the_orc
D:7:      layout_rooms, gammafunk_ghost_berserking_beasts, enter_bailey_5,
          minmay_stone_trees_large
Temple:   hellmonk_temple_divided_pantheon
Bailey:   bailey_axe_of_yendor_kennysheep, bailey

Skill      XL: |  1  2  3  4  5  6  7  8  9 |
---------------+----------------------------+-----
Fighting       | 4 5 6 7 8 10 | 10.5
Axes           | 3 4 5 6 8 10 | 10.2
Invocations    | 1 4 |  4.2
Armour         | 5 |  5.8
Dodging        | 3 |  3.6
Shields        | |  3.9

Action                     |  1- 3 |  4- 6 |  7- 9 || total
---------------------------+-------+-------+-------++-------
  Melee: War axe           |    73 |    82 |    45 ||   200
         Headbutt          |     5 |     7 |    29 ||    41
         Broad axe         |       |       |   185 ||   185
 Invoke: Heroism           |       |       |     3 ||     3
    Use: Potion            |       |     1 |     3 ||     4
         Scroll            |       |       |     6 ||     6
 Armour: Scale mail        |    45 |    53 |   180 ||   278
         Skin              |       |       |    12 ||    12
  Dodge: Dodged            |    31 |    47 |   113 ||   191
  Block: Buckler           |    22 |    22 |    56 ||   100

Table legend: (Time is in decaauts)
 A = Elapsed time spent in this place.
 B = Non-inter-level travel time spent in this place.
 C = Inter-level travel time spent in this place.
 D = Time resting spent in this place.
 E = Time spent auto-exploring this place.
 F = Levels seen in this place.
 G = Mean time per level.
                   A        B        C        D        E       F      G
               +--------+--------+--------+--------+--------+-----+--------+
         Total |   6785 |   6633 |    152 |   1443 |   3905 |  10 |  678.5 |
       Dungeon |   5731 |   5579 |    152 |    858 |   3777 |   7 |  818.7 |
        Temple |     33 |     33 |      0 |      0 |      0 |   1 |   33.0 |
         Sewer |    286 |    286 |      0 |    100 |    124 |   1 |  286.0 |
        Bailey |    734 |    734 |      0 |    485 |      4 |   1 |  734.0 |
               +--------+--------+--------+--------+--------+-----+--------+

Top non-repeatable levels by time:
     D:4: 1181 daAuts
     D:5: 1166 daAuts
     D:3: 997 daAuts
     D:6: 849 daAuts
     D:1: 775 daAuts
  Bailey: 734 daAuts
     D:2: 721 daAuts
   Sewer: 286 daAuts
     D:7: 40 daAuts
  Temple: 33 daAuts
